 Dungeon Crawl Stone Soup version 0.31-a0-358-gac0dbeb3ab (webtiles) character file.

Game seed: 13426649253794944883

838 IndexError the Conjurer (level 7, -3/51 HPs)
             Began as a Gnoll Conjurer on July 26, 2023.
             Killed from afar by an orc wizard (4 damage)
             ... with a magic dart
             ... on level 7 of the Dungeon.
             The game lasted 00:07:49 (4391 turns).

IndexError the Conjurer (Gnoll Conjurer)            Turns: 4391, Time: 00:07:49

Health: -3/51      AC:  6    Str:  6    XL:     7   Next: 99%
Magic:  0/15       EV: 13    Int: 19    God:
Gold:   159        SH:  0    Dex: 11    Spells: 6/17 levels left

rFire   . . .        x - +4 dagger (venom)
rCold   . . .        (no shield)
rNeg    . . .        a - +0 robe
rPois   +            t - +0 helmet
rElec   .            s - +0 cloak
rCorr   .            k - +0 pair of gloves
SInv    .            r - +0 pair of boots
Will    .....        p - amulet of guardian spirit {Spirit}
Stlth   +++          f - ring of poison resistance {rPois, !d}
HPRegen 0.28/turn    (no ring)
MPRegen 0.14/turn

%: guardian spirit
@: mighty, brilliant
A: fangs 1, strong nose, distributed training
a: no special abilities


You were on level 7 of the Dungeon.
You visited 1 branch of the dungeon, and saw 5 of its levels.
You also visited: Sewer.

You collected 159 gold pieces.

Inventory:

Hand Weapons
 x - a +4 dagger of venom (weapon)
   (You took it off an orc on level 4 of the Dungeon)
Missiles
 l - 3 javelins
Armour
 a - a +0 robe (worn)
 k - a +0 pair of gloves (worn)
   (You found it on level 1 of the Dungeon)
 r - a +0 pair of boots (worn)
   (You found it on level 2 of the Dungeon)
 s - a +0 cloak (worn)
   (You found it on level 4 of the Dungeon)
 t - a +0 helmet (worn)
   (You found it on level 3 of the Dungeon)
Jewellery
 f - a ring of poison resistance (left hand) {rPois, !d}
   (You found it on level 1 of the Dungeon)
 p - an amulet of guardian spirit (around neck) {Spirit}
   (You found it on level 2 of the Dungeon)
Scrolls
 d - a scroll of blinking {unknown}
 g - 2 scrolls of teleportation {unknown}
 i - 2 scrolls of identify {unknown}
 m - 2 scrolls of vulnerability {unknown}
 q - a scroll of immolation {unknown}
 v - a scroll of enchant armour {unknown}
 y - a scroll of noise {unknown}
 C - a scroll of fear {unknown}
Potions
 b - a potion of magic
 c - 2 potions of attraction {unknown}
 e - a potion of degeneration {unknown}
 h - a potion of invisibility {unknown}
 j - a potion of cancellation {unknown}
 n - 2 potions of brilliance
 o - a potion of mutation {unknown}
 u - a potion of berserk rage {unknown}
 w - a potion of curing {unknown}
 z - a potion of haste
 A - a potion of heal wounds {unknown}
 B - 2 potions of might


   Skills:
 + Level 2.9 Fighting
 + Level 2.9 Short Blades
 + Level 2.9 Long Blades
 + Level 2.9 Axes
 + Level 2.9 Maces & Flails
 + Level 2.9 Polearms
 + Level 2.9 Staves
 + Level 2.9 Ranged Weapons
 + Level 2.9 Throwing
 + Level 2.9 Armour
 + Level 5.4 Dodging
 + Level 5.1 Stealth
 + Level 2.9 Shields
 + Level 2.9 Unarmed Combat
 + Level 5.8 Spellcasting
 + Level 7.5 Conjurations
 + Level 2.3 Hexes
 + Level 2.3 Summonings
 + Level 2.3 Necromancy
 + Level 2.3 Translocations
 + Level 2.3 Transmutations
 + Level 2.3 Fire Magic
 + Level 2.3 Ice Magic
 + Level 2.3 Air Magic
 + Level 2.3 Earth Magic
 + Level 2.3 Poison Magic
 + Level 3.2 Invocations
 + Level 2.9 Evocations
 + Level 2.3 Shapeshifting


You had 6 spell levels left.
You knew the following spells:

 Your Spells              Type           Power      Damage    Failure   Level
a - Magic Dart            Conj           100%       1d8       1%          1
b - Searing Ray           Conj           100%       2d8       1%          2
c - Fulminant Prism       Conj/Hex       18%        3d10      16%         4
x - Iskenderun's Mystic   Conj/Tloc      36%        2d9       16%         4

Your spell library contained the following spells:

 Spells                   Type           Power      Damage    Failure   Level
 Static Discharge         Conj/Air       72%        2-5/arc   2%          2
 Apportation              Tloc           42%        N/A       4%          1
 Necrotise                Necr           84%        1d8       4%          1
 Slow                     Hex            84%        N/A       4%          1
 Summon Small Mammal      Summ           84%        N/A       4%          1
 Dazzling Flash           Conj/Hex       72%        N/A       4%          3
 Hailstorm                Conj/Ice       36%        3d9       4%          3
 Wereblood                Tmut           21%        N/A       7%          2
 Call Canine Familiar     Summ           21%        N/A       13%         3
 Confusing Touch          Hex            21%        N/A       13%         3
 Portal Projectile        Hex/Tloc       42%        N/A       13%         3
 Vampiric Draining        Necr           21%        2d7       13%         3
 Irradiate                Conj/Tmut      18%        3d17      38%         5
 Airstrike                Air            10%        2d(2-18)  41%         4
 Leda's Liquefaction      Hex/Erth       10%        N/A       41%         4
 Summon Ice Beast         Ice/Summ       21%        N/A       41%         4
 Summon Lightning Spire   Summ/Air       21%        N/A       41%         4
 Summon Mana Viper        Hex/Summ       21%        N/A       77%         5
 Simulacrum               Ice/Necr       10%        N/A       100%        6
 Monstrous Menagerie      Summ           10%        N/A       100%        7
 Ozocubu's Refrigeration  Ice            10%        4d9       100%        7
 Polar Vortex             Ice            10%        12d1*     100%        9


Dungeon Overview and Level Annotations

Branches:
Dungeon (7/15)              Sewer (visited)
 Temple: D:4-7

Altars:
Makhleb


Innate Abilities, Weirdness & Mutations

You have very sharp teeth.
Your uncanny sense of smell can sniff out nearby items.
Your experience applies equally to all skills.


Message History

The orc warrior hits you from afar with a +0 trident!
You take 6 damage, and have 35/51 hp.
You now have 3/15 mp.
The searing ray hits the orc warrior.
The orc shouts!
You hear a shout! x2
The orc warrior hits you from afar with a +0 trident.
You take 4 damage, and have 31/51 hp.
You now have 1/15 mp.
The searing ray hits the orc warrior.
The orc warrior hits you from afar with a +0 trident!
You take 8 damage, and have 23/51 hp.
You now have 0/15 mp.
Without enough magic to sustain it, your searing ray dissipates.
The orc warrior misses you.
An orc comes into view. It is wielding a +0 dagger.
Casting: Searing Ray (safe; 1% risk of failure)
Confirm with . or Enter, or press ? or * to list all spells.
Okay, then.
You aren't carrying any items that you can evoke.
Unknown command.
Aiming: Magic Dart (safe; 1% risk of failure)
Press: ? - help, Q - select action, (/) - cycle Shift-Dir - straight line, f - orc, p - orc warrior
Aim: an orc, wielding a +0 morningstar (100% to hit)
The magic dart hits the orc warrior but does no damage.
The orc warrior hits you from afar with a +0 trident.
You take 4 damage, and have 20/51 hp.
You now have 0/15 mp.
Throw: 6 javelins
Press: ? - help, Shift-Dir - straight line, f/p - orc
Aim: an orc, wielding a +0 morningstar (54% to hit)
You throw a javelin.
The javelin pierces through the orc warrior.
The javelin barely misses the orc.
Okay, then.
Throw: 5 javelins
Press: ? - help, Shift-Dir - straight line, f - orc, p - orc
Aim: an orc, wielding a +1 short sword of electrocution (54% to hit)
You throw a javelin. The javelin pierces through the orc.
The javelin closely misses the orc.
Throw: 4 javelins
Press: ? - help, Shift-Dir - straight line, f - orc, p - orc
Aim: an orc, wielding a +0 dagger and wearing a +0 leather armour (54% to hit)
You throw a javelin. The javelin closely misses the orc.
The javelin barely misses the orc.
The javelin pierces through the orc.
You hear a shout!
The orc closely misses you. The orc completely misses you.
You hear a shout!
You closely miss the orc.
An orc comes into view. It is wielding a +0 flail.
The orc hits you with a +0 morningstar.
The orc hits you with a +1 short sword of electrocution.
You take 5 damage, and have 16/51 hp.
You barely miss the orc. You closely miss the orc. You bite the orc.
The orc closely misses you.
You puncture the orc! The orc barely misses you. x2
You hit the orc.
The orc is poisoned.
The orc hits you with a +0 dagger.
You take 1 damage, and have 16/51 hp.
You hit the orc but do no damage. The orc misses you.
You hit the orc.
An orc wizard comes into view. It is wielding a +0 dagger.
The orc hits you with a +0 flail.
* * * LOW HITPOINT WARNING * * *
You take 3 damage, and have 13/51 hp.
You hit the orc.
The orc is poisoned.
You bite the orc. The orc hits you with a +0 flail!
* * * LOW HITPOINT WARNING * * *
You take 7 damage, and have 6/51 hp.
You hit the orc wizard.
The orc wizard is poisoned.
The orc wizard points at you and mumbles some strange words.
You are confused.
The orc closely misses you.
You miss the orc wizard.
You're too confused to move!
The orc wizard hits you but does no damage.
A sleepcap comes into view.
The orc misses you.
You miss the orc wizard.
You bite the orc wizard, but do no damage.
The orc wizard hits you but does no damage.
The orc hits you but does no damage. The orc attacks as you move away!
The orc hits you but does no damage. The orc wizard casts a spell at you.
The puff of flame hits you.
* * * LOW HITPOINT WARNING * * *
The orc jeers loudly.
You take 5 damage, and have 2/51 hp.
The orc closely misses you. The orc attacks as you move away!
The orc misses you.
You feel less confused. The orc wizard casts a spell at you.
The magic dart hits you but does no damage.
It was a potion of brilliance.
You feel clever all of a sudden.
The orc wizard hits you with a +0 dagger.
* * * LOW HITPOINT WARNING * * *
The sleepcap releases spores at you but does no damage.
The orc barely misses you.
You take 1 damage, and have 1/51 hp.
You now have 1/15 mp.
It was a potion of might.
You feel very mighty all of a sudden.
The orc wizard points at you and mumbles some strange words.
The magic dart hits you.
You die...

.## ... ####### ...
..>#.# ..###
#.#.###..... .
#...#....# #..##
##......# ##
#.....###....####..
#....@f#......#
[#####oo.......#
.........)#...... ∆
#.#.....))..##.##
#....##..#)###.#####
...#.##...(###..)..#
...........(....#..o..
. ...##..........o....
∆..# #..#####........


You could see a sleepcap, an orc wizard (poisoned) and an orc (very poisoned).

Vanquished Creatures
  Sigmund (D:2)
  A water moccasin (D:4)
  Pargi (Sewer)
  An orc warrior (D:7)
  A scorpion (D:2)
  3 hounds (D:4)
  A jelly (D:4)
  An orc priest (D:7)
  An iguana (D:4)
  5 adders
  3 gnolls (D:2)
  An ufetubus (D:4)
  A worm (D:2)
  2 dart slugs (D:1)
  9 orcs
  8 bats
  4 endoplasms
  5 giant cockroaches
  11 goblins
  3 hobgoblins
  2 quokkas
  7 ball pythons
  3 frilled lizards
  3 kobolds
  4 rats
82 creatures vanquished.

Vanquished Creatures (others)
  A fulminant prism (Sewer)
1 creature vanquished.

Grand Total: 83 creatures vanquished

Notes
Turn   | Place    | Note
-------+----------+-------------------------------------------
     0 | D:1      | IndexError the Gnoll Conjurer began the quest for the Orb.
     0 | D:1      | Reached XP level 1. HP: 13/13 MP: 6/6
   173 | D:1      | Reached XP level 2. HP: 19/19 MP: 5/7
  1017 | D:2      | Reached skill level 5 in Spellcasting
  1017 | D:2      | Reached XP level 3. HP: 25/25 MP: 2/9
  1133 | D:2      | Reached skill level 1 in Invocations
  1236 | D:2      | Found a faded altar of an unknown god.
  1379 | D:2      | Reached skill level 1 in Fighting
  1379 | D:2      | Reached skill level 1 in Short Blades
  1379 | D:2      | Reached skill level 1 in Long Blades
  1379 | D:2      | Reached skill level 1 in Axes
  1379 | D:2      | Reached skill level 1 in Maces & Flails
  1379 | D:2      | Reached skill level 1 in Polearms
  1379 | D:2      | Reached skill level 1 in Staves
  1379 | D:2      | Reached skill level 1 in Ranged Weapons
  1379 | D:2      | Reached skill level 1 in Throwing
  1379 | D:2      | Reached skill level 1 in Armour
  1379 | D:2      | Reached skill level 1 in Shields
  1379 | D:2      | Reached skill level 1 in Unarmed Combat
  1379 | D:2      | Reached skill level 1 in Evocations
  1385 | D:2      | Reached XP level 4. HP: 21/32 MP: 0/11
  1419 | D:2      | Learned a level 2 spell: Searing Ray
  1739 | D:2      | Noticed Sigmund
  1753 | D:2      | Killed Sigmund
  1754 | D:2      | Reached skill level 1 in Hexes
  1754 | D:2      | Reached skill level 1 in Summonings
  1754 | D:2      | Reached skill level 1 in Necromancy
  1754 | D:2      | Reached skill level 1 in Translocations
  1754 | D:2      | Reached skill level 1 in Transmutations
  1754 | D:2      | Reached skill level 1 in Fire Magic
  1754 | D:2      | Reached skill level 1 in Ice Magic
  1754 | D:2      | Reached skill level 1 in Air Magic
  1754 | D:2      | Reached skill level 1 in Earth Magic
  1754 | D:2      | Reached skill level 1 in Poison Magic
  1754 | D:2      | Reached skill level 2 in Invocations
  1754 | D:2      | Reached skill level 1 in Shapeshifting
  1754 | D:2      | Reached XP level 5. HP: 38/38 MP: 4/12
  1754 | D:2      | Reached XP level 6. HP: 44/44 MP: 4/13
  2361 | D:2      | Reached skill level 2 in Fighting
  2361 | D:2      | Reached skill level 2 in Short Blades
  2361 | D:2      | Reached skill level 2 in Long Blades
  2361 | D:2      | Reached skill level 2 in Axes
  2361 | D:2      | Reached skill level 2 in Maces & Flails
  2361 | D:2      | Reached skill level 2 in Polearms
  2361 | D:2      | Reached skill level 2 in Staves
  2361 | D:2      | Reached skill level 2 in Ranged Weapons
  2361 | D:2      | Reached skill level 2 in Throwing
  2361 | D:2      | Reached skill level 2 in Armour
  2361 | D:2      | Reached skill level 5 in Dodging
  2361 | D:2      | Reached skill level 2 in Shields
  2361 | D:2      | Reached skill level 2 in Unarmed Combat
  2361 | D:2      | Reached skill level 2 in Evocations
  2610 | D:3      | Learned a level 4 spell: Fulminant Prism
  2615 | D:3      | Learned a level 4 spell: Iskenderun's Mystic Blast
  3281 | D:4      | Noticed a water moccasin
  3430 | D:4      | Reached XP level 7. HP: 50/50 MP: 8/15
  3582 | D:4      | Found a glowing drain.
  3591 | Sewer    | Entered a sewer
  3659 | Sewer    | Noticed Pargi
  3664 | Sewer    | Killed Pargi
  3665 | Sewer    | Reached skill level 2 in Hexes
  3665 | Sewer    | Reached skill level 2 in Summonings
  3665 | Sewer    | Reached skill level 2 in Necromancy
  3665 | Sewer    | Reached skill level 2 in Translocations
  3665 | Sewer    | Reached skill level 2 in Transmutations
  3665 | Sewer    | Reached skill level 2 in Fire Magic
  3665 | Sewer    | Reached skill level 2 in Ice Magic
  3665 | Sewer    | Reached skill level 2 in Air Magic
  3665 | Sewer    | Reached skill level 2 in Earth Magic
  3665 | Sewer    | Reached skill level 2 in Poison Magic
  3665 | Sewer    | Reached skill level 2 in Shapeshifting
  3959 | D:4      | Reached skill level 5 in Stealth
  4126 | D:4      | Reached skill level 3 in Invocations
  4171 | D:4      | Found a burning altar of Makhleb.
  4295 | D:4      | You fall into a shaft and drop 3 floors!
  4382 | D:7      | HP: 6/51 [orc/+0 flail (8)]
  4387 | D:7      | HP: 2/51 [orc wizard/puff of flame (5)]
  4391 | D:7      | Killed from afar by an orc wizard

Illustrated notes

Levels and vault maps discovered:
D:1:      psy_arrival_dodecagon, layout_loops_ring
D:2:      layout_loops_cross, serial_rivers, chequers_serial_rivers_room_b,
          chequers_serial_rivers_micro_c, chequers_serial_rivers_small_b,
          chequers_serial_rivers_large_a, chequers_serial_rivers_marsh,
          basic_ecumenical_altar, kennysheep_generic_room_12, uniq_sigmund
D:3:      layout_loops_ring, grunt_ministairs_13
D:4:      layout_cave_pods, makhleb_heckhound_becter,
          mainiacjoe_overflow_alcove_1, cheibrodos_sewer_entry_drain
D:7:      layout_rooms, yredelemnul_altar_generic,
          minmay_temple_entry_antechambers, grunt_ministairs_12

Skill      XL: |  1  2  3  4  5  6  7 |
---------------+----------------------+-----
Spellcasting   | 5 |  5.8
Invocations    | 1 2 3 |  3.2
Fighting       | 1 2 |  2.9
Short Blades   | 1 2 |  2.9
Long Blades    | 1 2 |  2.9
Axes           | 1 2 |  2.9
Maces & Flails | 1 2 |  2.9
Polearms       | 1 2 |  2.9
Staves         | 1 2 |  2.9
Ranged Weapons | 1 2 |  2.9
Throwing       | 1 2 |  2.9
Armour         | 1 2 |  2.9
Shields        | 1 2 |  2.9
Unarmed Combat | 1 2 |  2.9
Evocations     | 1 2 |  2.9
Hexes          | 1 2 |  2.3
Summonings     | 1 2 |  2.3
Necromancy     | 1 2 |  2.3
Translocations | 1 2 |  2.3
Transmutations | 1 2 |  2.3
Fire Magic     | 1 2 |  2.3
Ice Magic      | 1 2 |  2.3
Air Magic      | 1 2 |  2.3
Earth Magic    | 1 2 |  2.3
Poison Magic   | 1 2 |  2.3
Shapeshifting  | 1 2 |  2.3
Dodging        | 5 |  5.4
Stealth        | 5 |  5.1
Conjurations   | |  7.5

Action                     |  1- 3 |  4- 6 |  7- 9 || total
---------------------------+-------+-------+-------++-------
  Melee: Dagger            |       |       |    11 ||    11
         Bite              |       |       |     3 ||     3
  Throw: Javelin           |       |       |     3 ||     3
   Cast: Magic Dart        |    47 |    67 |    31 ||   145
         Searing Ray       |       |    10 |     8 ||    18
         Fulminant Prism   |       |       |     1 ||     1
Ability: Begin Untransform |     1 |     2 |       ||     3
    Use: Potion            |       |       |     2 ||     2
 Armour: Robe              |     2 |     2 |    15 ||    19
  Dodge: Dodged            |     3 |    17 |    33 ||    53
   Form: Beast             |     2 |     1 |       ||     3

Table legend: (Time is in decaauts)
 A = Elapsed time spent in this place.
 B = Non-inter-level travel time spent in this place.
 C = Inter-level travel time spent in this place.
 D = Time resting spent in this place.
 E = Time spent auto-exploring this place.
 F = Levels seen in this place.
 G = Mean time per level.
                   A        B        C        D        E       F      G
               +--------+--------+--------+--------+--------+-----+--------+
         Total |   4424 |   4080 |    344 |    116 |   3321 |   6 |  737.3 |
       Dungeon |   4247 |   3903 |    344 |     64 |   3233 |   5 |  849.4 |
         Sewer |    177 |    177 |      0 |     52 |     88 |   1 |  177.0 |
               +--------+--------+--------+--------+--------+-----+--------+

Top non-repeatable levels by time:
     D:2: 1540 daAuts
     D:1: 959 daAuts
     D:4: 925 daAuts
     D:3: 726 daAuts
   Sewer: 177 daAuts
     D:7: 95 daAuts

Levels and vault maps discovered:
D:1:      psy_arrival_dodecagon, layout_loops_ring
D:2:      layout_loops_cross, serial_rivers, chequers_serial_rivers_room_b,
          chequers_serial_rivers_micro_c, chequers_serial_rivers_small_b,
          chequers_serial_rivers_large_a, chequers_serial_rivers_marsh,
          basic_ecumenical_altar, kennysheep_generic_room_12, uniq_sigmund
D:3:      layout_loops_ring, grunt_ministairs_13
D:4:      layout_cave_pods, makhleb_heckhound_becter,
          mainiacjoe_overflow_alcove_1, cheibrodos_sewer_entry_drain
D:7:      layout_rooms, yredelemnul_altar_generic,
          minmay_temple_entry_antechambers, grunt_ministairs_12

Table legend: (Time is in decaauts)
 A = Elapsed time spent in this place.
 B = Non-inter-level travel time spent in this place.
 C = Inter-level travel time spent in this place.
 D = Time resting spent in this place.
 E = Time spent auto-exploring this place.
 F = Levels seen in this place.
 G = Mean time per level.
                   A        B        C        D        E       F      G
               +--------+--------+--------+--------+--------+-----+--------+
         Total |   4424 |   4080 |    344 |    116 |   3321 |   6 |  737.3 |
       Dungeon |   4247 |   3903 |    344 |     64 |   3233 |   5 |  849.4 |
         Sewer |    177 |    177 |      0 |     52 |     88 |   1 |  177.0 |
               +--------+--------+--------+--------+--------+-----+--------+

Top non-repeatable levels by time:
     D:2: 1540 daAuts
     D:1: 959 daAuts
     D:4: 925 daAuts
     D:3: 726 daAuts
   Sewer: 177 daAuts
     D:7: 95 daAuts

Table legend:
 A = Kills in this place as a percentage of kills in the entire game.
 B = Kills by you in this place as a percentage of kills by you in the entire game.
 C = Kills by friends in this place as a percentage of kills by friends in the entire game.
 D = Other kills in this place as a percentage of other kills in the entire game.
 E = Experience gained in this place as a percentage of experience gained in the entire game.
 F = Experience gained in this place divided by the number of levels of this place that you have seen.
                   A       B       C       D       E      F
               +-------+-------+-------+-------+-------+----------------------
         Total | 100.0 | 100.0 |   N/A |   N/A | 100.0 | 199.7
       Dungeon |  95.1 |  95.1 |   N/A |   N/A |  88.6 | 212.4
         Sewer |   4.9 |   4.9 |   N/A |   N/A |  11.4 | 136.0
               +-------+-------+-------+-------+-------+----------------------
